 Dungeon Crawl Stone Soup version 0.29.1-1-gd02db6906a (webtiles) character file.

Game seed: 5326764412896938746

2888 H0rd4k the Slicer (level 10, 0/64 (77) HPs)
             Began as a Human Artificer on Oct 13, 2022.
             Was an Initiate of Gozag.
             Slain by a wight
             ... wielding a +2 spear of freezing
              (1 damage)
             ... on level 8 of the Dungeon.
             The game lasted 00:10:02 (11918 turns).

H0rd4k the Slicer (Human Artificer)                Turns: 11918, Time: 00:10:03

HP:   0/64 (77)     AC:  4    Str: 19    XL:     10   Next: 5%
MP:   0/19          EV: 14    Int: 15    God:    Gozag
Gold: 548           SH:  0    Dex: 14    Spells: 10/10 levels left

rFire   . . .      SeeInvis .   w - +2 short sword (elec)
rCold   . . .      Faith    .   (no shield)
rNeg    . . .      Spirit   +   b - +0 leather armour
rPois   .          Reflect  .   F - +0 helmet
rElec   .          Harm     .   (no cloak)
rCorr   .          Rampage  .   (no gloves)
Will    .....                   (no boots)
Stlth   +.........              B - amulet of guardian spirit
HPRegen 0.20/turn               q - +6 ring of strength
MPRegen 0.16/turn               l - ring of magical power

@: gold aura, heavily drained
A: no striking features
a: Renounce Religion, Potion Petition, Call Merchant, Bribe Branch


You were on level 8 of the Dungeon.
You worshipped Gozag.
Gozag was pleased with you.
You visited 2 branches of the dungeon, and saw 9 of its levels.

You collected 701 gold pieces.
You paid 153 gold pieces to Gozag.

Inventory:

Hand Weapons
 w - a +2 short sword of electrocution (weapon)
 L - a +2 dagger of venom
Missiles
 o - 34 poisoned darts
 I - 2 throwing nets
Armour
 b - a +0 leather armour (worn)
 F - a +0 helmet (worn)
Jewellery
 d - a ring of fire
 l - a ring of magical power (right hand)
 q - a +6 ring of strength (left hand)
 v - a ring of resist corrosion
 x - an amulet of reflection
 B - an amulet of guardian spirit (around neck)
 J - a ring of protection from cold
 K - an amulet of regeneration
Wands
 c - a wand of flame (28) (quivered)
 e - a wand of iceblast (2)
 C - a wand of digging (6)
 M - a wand of paralysis (22)
Scrolls
 f - a scroll of summoning {unknown}
 g - 2 scrolls of enchant weapon {unknown}
 i - a scroll of amnesia {unknown}
 j - 2 scrolls of torment {unknown}
 k - 7 scrolls of identify {unknown}
 m - 5 scrolls of brand weapon {unknown}
 u - 2 scrolls of blinking {unknown}
 y - 2 scrolls of enchant armour {unknown}
 z - a scroll of immolation {unknown}
 A - a scroll of vulnerability {unknown}
 E - a scroll of teleportation {unknown}
 N - a scroll of magic mapping {unknown}
Potions
 a - a potion of invisibility {unknown}
 h - 6 potions of degeneration {unknown}
 n - a potion of might {unknown}
 p - a potion of curing
 r - 4 potions of heal wounds {unknown}
 s - a potion of cancellation {unknown}
 t - 2 potions of attraction {unknown}
 D - 2 potions of haste {unknown}
 G - a potion of brilliance {unknown}
 H - 3 potions of mutation {unknown}
 O - a potion of flight {unknown}


   Skills:
 + Level 6.7 Fighting
 + Level 9.0 Short Blades
 + Level 2.2 Maces & Flails
 - Level 2.0 Armour
 + Level 6.3 Dodging
 - Level 1.0 Stealth
 * Level 0.5 Spellcasting
 - Level 3.0 Evocations


You had 10 spell levels left.
You didn't know any spells.
Your spell library contained the following spells:

 Spells                   Type           Power      Damage    Failure   Level
 Shock                    Conj/Air       0%         1d3       30%         1
 Ensorcelled Hibernation  Hex/Ice        0%         N/A       43%         2
 Passwall                 Tmut/Erth      0%         N/A       43%         2
 Dazzling Flash           Conj/Hex       0%         N/A       67%         3
 Gell's Gravitas          Tloc           0%         N/A       67%         3
 Swiftness                Air            0%         N/A       67%         3
 Teleport Other           Tloc           0%         N/A       67%         3
 Airstrike                Air            0%         2d(0-16)  97%         4
 Iskenderun's Mystic Bla  Conj/Tloc      0%         2d3       97%         4
 Freezing Cloud           Conj/Ice/Air   0%         6-21      100%        5
 Dispersal                Tloc           0%         N/A       100%        6
 Starburst                Conj/Fire      0%         6d3       100%        6
 Polar Vortex             Ice            0%         N/A       100%        9
 Simulacrum               Ice/Necr       Unusable   N/A       N/A         6

Dungeon Overview and Level Annotations

Branches:
Dungeon (8/15)             Temple (1/1) D:7
   Lair: D:8-11

Altars:
Ashenzari
Cheibriados
Dithmenos
Elyvilon
Gozag
Hepliaklqana
Nemelex Xobeh
Okawaru
Qazlal
Yredelemnul
The Shining One

Shops:
D:1 [

Annotations:
D:1 exclusion: downstairs
D:3 3 runed translucent doors, exclusion: 3 doors, Earthwalker's ghost, amateur MiFi; VikingTomi89's ghost, amateur MiBe; matti1234's ghost, amateur OpWr; rubinsalamander's ghost, amateur GnWn
D:6 1 runed translucent door, exclusion: door, manix's ghost, novice MfTm


Message History

You puncture the wight!
The wight is heavily damaged.
The orc is no longer distracted by gold.
The wight hits you with a +6 great sword!!
You feel drained.
You hit the wight.
The wight is heavily damaged.
The wight hits you with a +6 great sword!
You feel drained.
A wight comes into view. It is wielding a +2 spear of freezing.
You hit the wight but do no damage.
The wight is heavily damaged.
You hit the wight.
The wight is almost destroyed.
The wight hits you with a +6 great sword!
You feel drained.
You closely miss the wight.
The wight is almost destroyed.
The wight misses you.
You hit the wight. Your punch misses the wight.
The wight is almost destroyed.
You barely miss the wight.
The wight is almost destroyed.
The wight hits you with a +6 great sword!!
* * * LOW HITPOINT WARNING * * *
You feel drained.
* * * LOW HITPOINT WARNING * * *
You hit the wight.
You destroy the wight!
Unknown command.
Aiming: Paralyse
Press: ? - help, Shift-Dir - straight line, f - orc
Aim: an orc, wielding a +0 club and wearing a +0 chain mail (chance to affect: 73%)
The orc struggles to resist.
The orc hits you with a +0 club.
* * * LOW HITPOINT WARNING * * *
The wight hits you from afar with a +2 spear of freezing.
* * * LOW HITPOINT WARNING * * *
You feel drained.
You die...
Your body crumbles into a pile of gold.

...... ..... ...# #..# ##
#.#.##.$###...# #.#....z.......
..#####z###...# #.# #o# # #.#
#@# #.# #.# #.# #.#
#.#####.####.#
.#######)...........#
.........#####.####.# >#######.#
###..###.# ..#######.#
#........########### ..........#
#.##.###............
....#####.###.##.###.#####......


You could see 2 wights and an orc.

Vanquished Creatures
  Edmund (D:5)
  A water moccasin (D:7)
  Duvessa (D:6)
  An ice beast (D:5)
  A sky beast (D:7)
  A black bear (D:7)
  2 ogres (D:7)
  2 phantoms
  A centaur (D:8)
  2 kobold brigands
  2 bullfrogs (D:7)
  A gnoll sergeant (D:5)
  4 scorpions
  2 necrophages
  4 wights
  5 killer bees (D:7)
  An electric eel (D:7)
  5 hounds
  3 jellies
  An orc priest (D:6)
  A gnoll bouda (D:5)
  5 iguanas
  An orc wizard (D:6)
  Robin (D:2)
  7 adders
  4 gnolls
  A shadow imp (D:7)
  A worm (D:4)
  3 dart slugs
  11 orcs
  2 bats (D:1)
  8 endoplasms
  5 giant cockroaches
  18 goblins
  6 hobgoblins
  6 quokkas
  5 ball pythons
  3 frilled lizards
  21 kobolds
  9 rats
159 creatures vanquished.

Vanquished Creatures (collateral kills)
  2 gnolls (D:5)
  A worm (D:2)
  An orc (D:7)
  A ball python (D:2)
  A goblin (D:2)
6 creatures vanquished.

Vanquished Creatures (others)
  An orc warrior (D:7)
  A sky beast (D:7)
  Dowan (D:6)
  An adder (D:2)
  2 withered plants (D:3)
6 creatures vanquished.

Grand Total: 171 creatures vanquished

Notes
Turn   | Place    | Note
-------+----------+-------------------------------------------
     0 | D:1      | H0rd4k the Human Artificer began the quest for the Orb.
     0 | D:1      | Reached XP level 1. HP: 15/15 MP: 1/1
   302 | D:1      | Reached XP level 2. HP: 10/21 MP: 2/2
   317 | D:1      | Reached skill level 1 in Maces & Flails
   725 | D:1      | Found Myfynohi's Armour Boutique.
  1013 | D:1      | Reached XP level 3. HP: 24/26 MP: 3/3
  1043 | D:1      | Found a faded altar of an unknown god.
  1857 | D:2      | HP: 1/27 [poisoned by an adder]
  1872 | D:2      | Reached XP level 4. HP: 9/33 MP: 4/4
  2114 | D:2      | Noticed Robin
  2893 | D:2      | You fall into a shaft and drop 2 floors!
  2893 | D:4      | Found a glowing golden altar of the Shining One.
  3145 | D:4      | HP: 1/33 [iguana (13)]
  3507 | D:3      | Reached skill level 1 in Short Blades
  3657 | D:3      | Found a shadowy altar of Dithmenos.
  4080 | D:3      | Found a runed translucent gate.
  4080 | D:3      | Found a runed translucent gate.
  4080 | D:3      | Found a runed translucent gate.
  4082 | D:3      | Noticed rubinsalamander's ghost (amateur GnWn)
  4082 | D:3      | Noticed Earthwalker's ghost (amateur MiFi)
  4083 | D:3      | Noticed matti1234's ghost (amateur OpWr)
  4083 | D:3      | Noticed VikingTomi89's ghost (amateur MiBe)
  4562 | D:2      | Reached XP level 5. HP: 26/38 MP: 5/5
  4564 | D:2      | Killed Robin
  4724 | D:4      | Reached skill level 2 in Short Blades
  5058 | D:4      | Reached XP level 6. HP: 36/46 MP: 6/6
  5074 | D:4      | Reached skill level 3 in Short Blades
  5852 | D:5      | Entered Level 5 of the Dungeon
  5852 | D:5      | Noticed an ice beast
  5861 | D:5      | Killed an ice beast
  5876 | D:4      | HP: 2/47 [poisoned by a scorpion]
  5880 | D:4      | Reached XP level 7. HP: 7/52 MP: 3/7
  6008 | D:4      | Reached skill level 4 in Short Blades
  6455 | D:5      | Reached skill level 5 in Short Blades
  6665 | D:5      | Found a white marble altar of Elyvilon.
  6786 | D:5      | Reached XP level 8. HP: 43/60 MP: 8/8
  6994 | D:5      | Noticed Edmund
  7014 | D:5      | Killed Edmund
  7015 | D:5      | Reached skill level 6 in Short Blades
  7413 | D:6      | Noticed Dowan
  7417 | D:6      | Noticed Duvessa
  7427 | D:6      | Your ally Dowan died
  7436 | D:6      | Killed Duvessa
  8478 | D:6      | Found a runed translucent door.
  8486 | D:6      | Noticed manix's ghost (novice MfTm)
  8632 | D:6      | Reached skill level 7 in Short Blades
  9006 | D:6      | Reached skill level 5 in Fighting
  9006 | D:6      | Reached XP level 9. HP: 55/68 MP: 9/9
  9275 | D:7      | Found a snail-covered altar of Cheibriados.
  9298 | D:7      | Reached skill level 5 in Dodging
  9313 | D:7      | HP: 2/68 [killer bee (5)]
  9616 | D:7      | Found a staircase to the Ecumenical Temple.
  9644 | Temple   | Entered the Ecumenical Temple
  9673 | Temple   | Became a worshipper of Gozag Ym Sagoz the Greedy
  9771 | D:7      | Reached skill level 8 in Short Blades
 10165 | D:7      | Found a sparkling altar of Nemelex Xobeh.
 11415 | D:7      | Reached XP level 10. HP: 45/77 MP: 10/10
 11900 | D:8      | Reached skill level 9 in Short Blades
 11918 | D:8      | HP: 1/65 [wight/+2 spear of freezing (4)]
 11918 | D:8      | Slain by a wight

Illustrated notes

Levels and vault maps discovered:
D:1:      saegor_arrival_simple_e, layout_basic,
          hellmonk_ecumenical_altar_prayer_group, serial_shops,
          nicolae_shop_statue_plus, minivault_4, nrook_mini_backslash
D:2:      layout_loops_ring, uniq_robin
D:3:      layout_loops_ring, nicolae_dithmenos_through_a_glass_darkly,
          gammafunk_ghost_cemetery
D:4:      layout_basic, mainiacjoe_overflow_surrounded_room,
          grunt_decor_fettered, hangedman_decor_riveting, minmay_circle_x
D:5:      layout_loops_cross, old_standard_altar, uniq_edmund
D:6:      layout_cave_pods, hellmonk_ghost_happy_afterlife, uniq_duvessa
D:7:      layout_basic, nemelex_diamond_rough_becter, overflow_temple_1_default,
          minmay_temple_entry_slanted, minivault_4, grunt_tough_drop
D:8:      layout_loops_ring, overflow_temple_1_default,
          nzn_wu_jian_contemplation
Temple:   nicolae_temple_superstar

Skill      XL: |  1  2  3  4  5  6  7  8  9 10 |
---------------+-------------------------------+-----
Maces & Flails | 1 2 |  2.2
Dodging        | 2 3 4 6 |  6.3
Short Blades   | 1 2 3 5 7 8 9 |  9.0
Fighting       | 2 3 4 5 6 |  6.7
Armour         | |  2.0
Stealth        | |  1.0
Spellcasting   | |  0.5
Evocations     | |  3.0

Action                   |  1- 3 |  4- 6 |  7- 9 | 10-12 || total
-------------------------+-------+-------+-------+-------++-------
Melee: Club              |    47 |       |       |       ||    47
       Dagger            |   116 |    82 |    81 |       ||   279
       Punch             |     1 |     1 |     5 |     1 ||     8
       Short sword       |       |   103 |   317 |    34 ||   454
Evoke: Wand              |     7 |    15 |     9 |     1 ||    32
  Use: Potion            |     1 |     1 |     2 |       ||     4
 Stab: Sleeping          |       |     5 |     5 |       ||    10
Armor: Leather armour    |    47 |    35 |    42 |     4 ||   128
Dodge: Dodged            |    96 |   111 |   198 |    13 ||   418
